 Dungeon Crawl Stone Soup version 0.26-a0-1222-g14533b3512 (webtiles) character file.

Game seed: 255783380685188927

5553 teolandon225 the Covert (level 10, -5/51 HPs)
             Began as a Spriggan Enchanter on Dec 31, 2020.
             Was a Priest of Dithmenos.
             Shot with a bolt by an orc warlord (37 damage)
             ... in a bailey on Jan 1, 2021.
             The game lasted 01:06:20 (14418 turns).

teolandon225 the Covert (Spriggan Enchanter)       Turns: 14418, Time: 01:06:20

Health: -5/51      AC:  6    Str:  4    XL:     10   Next: 44%
Magic:  5/30       EV: 25    Int: 17    God:    Dithmenos [***...]
Gold:   334        SH:  0    Dex: 20    Spells: 11/23 levels left

rFire    + . .     SeeInvis +   h - +2 dagger (flame)
rCold    . . .     Faith    .   (shield restricted)
rNeg     . . .     Spirit   .   x - +2 robe {rF+}
rPois    .         Reflect  .   (helmet restricted)
rElec    .         Harm     .   l - +1 cloak
rCorr    .         Rampage  .   (gloves unavailable)
Will     +....                  (boots unavailable)
Stlth    +++++++++.             (no amulet)
HPRegen  0.17/turn              t - ring of magical power
MPRegen  0.22/turn              F - ring of stealth

@: wreathed by umbra, very quick
A: very small, unfitting armour, see invisible, speed 3
a: Renounce Religion, Shadow Step


You were in a bailey.
You worshipped Dithmenos.
Dithmenos was most pleased with you.
You visited 2 branches of the dungeon, and saw 9 of its levels.
You also visited: Sewer and Bailey.

You collected 454 gold pieces.
You spent 120 gold pieces at shops.

Inventory:

Hand Weapons
 a - a +1 dagger
 h - a +2 dagger of flaming (weapon)
 A - the +12 war axe "Igesh" {freeze, rF+ rC+, unknown}
   (You found it on level 5 of the Dungeon)

   It has been specially enchanted to freeze those struck by it, causing extra
   injury to most foes and up to half again as much damage against particularly
   susceptible opponents.
   It can also slow down cold-blooded creatures.
   It protects you from fire.
   It protects you from cold.
 B - a +0 dagger of holy wrath
 E - a +0 rapier
 I - a +0 rapier
 M - a cursed +0 short sword
Armour
 b - a +0 robe
 l - a +1 cloak (worn)
 x - a +2 robe of fire resistance (worn)
 J - a +0 buckler
 O - the cursed -3 hat of Dyspraxia {rElec, unknown}
   (You found it on level 8 of the Dungeon)

   It insulates you from electricity.
   It has a curse placed upon it.
Jewellery
 t - a ring of magical power (left hand)
 y - an uncursed ring of fire {unknown}
 C - an uncursed ring of willpower
 F - a ring of stealth (right hand)
 H - an uncursed ring of protection from cold
 L - an uncursed ring of ice
Wands
 g - a wand of disintegration (9)
 j - a wand of iceblast (39)
 w - a wand of digging (6)
 G - a wand of polymorph (5)
 K - a wand of acid (9)
Scrolls
 c - 11 scrolls of identify
 d - 2 scrolls of enchant weapon
 f - a scroll of teleportation
 s - 2 scrolls of amnesia
 u - 5 scrolls of remove curse
Potions
 e - a potion of curing
 i - 2 potions of might {unknown}
 k - 2 potions of invisibility {unknown}
 m - 2 potions of degeneration {unknown}
 n - 2 potions of haste {unknown}
 o - 2 potions of heal wounds {unknown}
 p - 3 potions of resistance {unknown}
 q - a potion of cancellation {unknown}
 r - 3 potions of flight {unknown}
 v - 3 potions of mutation {unknown}
 z - 3 potions of magic {unknown}
 D - a potion of lignification {unknown}


   Skills:
 + Level 4.3 Fighting
 + Level 7.5 Short Blades
 + Level 8.4 Dodging
 + Level 11.6 Stealth
 * Level 3.7 Shields
 + Level 7.2 Spellcasting
 + Level 7.5 Hexes


You had 11 spell levels left.
You knew the following spells:

 Your Spells              Type           Power        Failure   Level
a - Corona                Hex            34%          1%          1
b - Ensorcelled Hibernat  Hex/Ice        38%          3%          2
c - Confusing Touch       Hex            31%          1%          3
d - Tukima's Dance        Hex            31%          1%          3
e - Dazzling Flash        Conj/Hex       38%          7%          3

Your spell library contained the following spells:

 Spells                   Type           Power        Failure   Level


Dungeon Overview and Level Annotations

Branches:
Dungeon (8/15)             Temple (1/1) D:4           Sewer (visited)
 Bailey (1/1)
   Lair: D:8-11

Altars:
Ashenzari
Cheibriados
Dithmenos
Elyvilon
Fedhas
Gozag
Kikubaaqudgha
Makhleb
Nemelex Xobeh
Okawaru
Qazlal
Ru
Sif Muna
Trog
Uskayaw
Vehumet
Wu Jian
Xom
Yredelemnul
Zin
The Shining One
Jiyva

Shops:
D:5 (


Innate Abilities, Weirdness & Mutations

You are very small and have problems with some larger weapons.
You are too small for most types of armour.
You have supernaturally acute eyesight. (SInv)
You cover ground extremely quickly.


Message History

There is a fountain of clear blue water here.
There is an open door, spattered with blood here.
Items here: )))))) [[[[[[.
Aiming: Ensorcelled Hibernation (safe; 3% risk of failure)
Press: ? - help, Q - select action, (/) - cycle Shift-Dir - straight line, f - hobgoblin
Aim: a hobgoblin, wielding a +4 hand axe and wearing a +0 leather armour (wandering, hasn't noticed you, chance to affect: 67%)
Okay, then.
The hobgoblin shouts!
You hit the hobgoblin but do no damage.
You hear a shout!
The hobgoblin barely misses you.
You hit the hobgoblin but do no damage.
You feel better. The hobgoblin completely misses you.
The orc warlord unwields a +2 long sword of draining.
The orc warlord wields a +0 arbalest.
The orc warlord shoots a bolt.
The bolt misses you.
The bolt closely misses the hobgoblin.
You see here a +0 hand axe.
The orc warlord shoots a bolt.
The bolt hits you!!!
Ouch! That really hurt!
You die...

### ### ###.### ###.##
###.....### ###.....
##.........###.......
#....(......#).......
#...........o........
#.....⌠..g..#.....⌠o.
#........)o.#....g...
#...@g......#......[o
###.))).....###.......
###.#o#.....###.###....)
###.....###)###...
###.## ##?........###
.og. ###. #!!.......o8#
...go #..
#?......o..8#...... #..
#∩....⌠.....'gg...g #..
#!.........8#ggg... #..


You could see an orc warlord, an orc warrior and 2 hobgoblins.

Vanquished Creatures
  A two-headed ogre (D:8)
  Pikel (D:5)
  A troll (D:7)
  Eustachio (D:4)
  Purgy (Sewer)
  11 orc warriors
  A phantom (D:3)
  2 sky beasts
  2 ice beasts
  4 ogres
  2 centaurs
  3 lemures
  4 bullfrogs (D:6)
  3 scorpions
  3 killer bees (D:7)
  3 howler monkeys
  2 wights (D:6)
  4 electric eels (D:7)
  A crimson imp (D:7)
  A quasit (D:8)
  An orc priest (D:7)
  3 jellies
  3 bullfrog skeletons
  6 hounds
  An orc wizard (D:6)
  Ijyb (D:5)
  An iguana (D:8)
  4 worker ants
  A hound skeleton (D:8)
  A worker ant zombie (D:6)
  Robin (D:3)
  15 gnolls
  5 adders
  2 river rats (D:5)
  A shadow imp (D:5)
  2 white imps (D:5)
  3 ufetubi
  2 adder zombies
  An ooze (D:4)
  An adder skeleton (D:5)
  2 worms (D:2)
  A dart slug (D:1)
  2 leopard geckos
  28 orcs
  8 bats
  9 giant cockroaches
  26 goblins
  18 hobgoblins
  16 jackals
  2 quokkas
  A ball python (D:5)
  7 frilled lizards
  9 kobolds
  12 rats
247 creatures vanquished.

Vanquished Creatures (collateral kills)
  A wight (D:6)
  An orc (Bailey)
  2 hobgoblins (Bailey)
4 creatures vanquished.

Vanquished Creatures (others)
  6 dancing weapons
  11 plants
17 creatures vanquished.

Grand Total: 268 creatures vanquished

Notes
Turn   | Place    | Note
-------+----------+-------------------------------------------
     0 | D:1      | teolandon225 the Spriggan Enchanter began the quest for the
                  | Orb.
     0 | D:1      | Reached XP level 1. HP: 9/9 MP: 5/5
   149 | D:1      | Reached XP level 2. HP: 13/13 MP: 6/6
   512 | D:1      | Learned a level 2 spell: Ensorcelled Hibernation
   559 | D:1      | Reached skill level 5 in Stealth
  1262 | D:1      | Reached XP level 3. HP: 16/16 MP: 5/8
  2550 | D:2      | Reached XP level 4. HP: 21/21 MP: 9/9
  2781 | D:2      | Found a faded altar of an unknown god.
  3164 | D:3      | Learned a level 3 spell: Confusing Touch
  3168 | D:3      | Learned a level 3 spell: Tukima's Dance
  3206 | D:3      | Noticed Robin
  3512 | D:3      | Killed Robin
  4033 | D:3      | Reached skill level 6 in Stealth
  4148 | D:3      | Reached skill level 1 in Fighting
  4148 | D:3      | Reached XP level 5. HP: 11/25 MP: 9/11
  4740 | D:4      | Found a staircase to the Ecumenical Temple.
  4749 | Temple   | Entered the Ecumenical Temple
  5162 | D:4      | Noticed a phantom
  5948 | D:3      | Killed a phantom
  5949 | D:3      | Reached XP level 6. HP: 30/30 MP: 9/12
  6030 | D:4      | Found a white marble altar of Elyvilon.
  6033 | D:4      | Reached skill level 7 in Stealth
  6071 | D:4      | Found a shadowy altar of Dithmenos.
  6072 | D:4      | Noticed Eustachio
  6199 | D:4      | Killed Eustachio
  6200 | D:4      | Reached XP level 7. HP: 10/34 MP: 6/14
  6436 | D:4      | Became a worshipper of Dithmenos the Shadowed
  6542 | D:4      | Reached skill level 5 in Hexes
  6567 | D:4      | Reached skill level 5 in Dodging
  7042 | D:4      | Reached skill level 8 in Stealth
  7236 | D:5      | Entered Level 5 of the Dungeon
  7243 | D:5      | Found a glowing drain.
  7457 | Sewer    | Entered a sewer
  7493 | Sewer    | Noticed Purgy
  7497 | Sewer    | Killed Purgy
  7537 | Sewer    | Reached * piety under Dithmenos
  7572 | D:5      | Got an ancient war axe
  7623 | D:5      | Reached skill level 5 in Short Blades
  7623 | D:5      | Reached XP level 8. HP: 39/39 MP: 14/16
  7687 | D:5      | Found Xysemog's Antique Weapon Shop.
  7717 | D:5      | Bought a runed dagger for 120 gold pieces
  7789 | D:5      | Found a sacrificial altar of Ru.
  7824 | D:5      | Reached skill level 9 in Stealth
  7824 | D:5      | Reached skill level 5 in Spellcasting
  7864 | D:5      | Noticed Ijyb
  7898 | D:5      | Killed Ijyb
  8608 | D:6      | Noticed Pikel
  8869 | D:5      | Killed Pikel
  8870 | D:5      | Reached skill level 10 in Stealth
  8919 | D:5      | Learned a level 3 spell: Dazzling Flash
  9080 | D:6      | Reached XP level 9. HP: 42/44 MP: 18/18
  9222 | D:6      | Found an ornate altar of the Wu Jian Council.
  9293 | D:6      | Found a broken altar of Ashenzari.
  9302 | D:6      | Found a snail-covered altar of Cheibriados.
  9302 | D:6      | Found a glowing golden altar of the Shining One.
  9304 | D:6      | Found a shimmering blue altar of Sif Muna.
  9306 | D:6      | Found a shimmering altar of Xom.
  9307 | D:6      | Found a stormy altar of Qazlal.
  9616 | D:6      | Reached skill level 1 in Shields
  9917 | D:7      | Noticed a troll
  9919 | D:7      | Killed a troll
 10038 | D:6      | Reached ** piety under Dithmenos
 10555 | D:7      | Found a blossoming altar of Fedhas.
 11528 | D:7      | Reached skill level 11 in Stealth
 11974 | D:7      | Found a burning altar of Makhleb.
 12281 | D:8      | Got an ancient hat
 12367 | D:8      | Noticed a two-headed ogre
 12374 | D:8      | Killed a two-headed ogre
 12375 | D:8      | Reached XP level 10. HP: 49/49 MP: 21/21
 12811 | D:8      | Found a flagged portal.
 12822 | Bailey   | Entered a bailey
 13127 | Bailey   | Reached *** piety under Dithmenos
 14144 | Bailey   | Noticed an orc knight
 14146 | Bailey   | Noticed an orc warlord
 14418 | Bailey   | Shot with a bolt by an orc warlord

Illustrated notes

Levels and vault maps discovered:
D:1:      minmay_arrival_four_circles, layout_loops_corners
D:2:      layout_loops_ring, chequers_ecumenical_altar_simple_redux
D:3:      layout_loops_corners, uniq_robin
D:4:      layout_loops_ring, nicolae_dithmenos_through_a_glass_darkly,
          lemuel_doored_altar, minmay_temple_entry_statues_fountains,
          serial_bayou_pond_e, guppyfry_early_lair_pool, uniq_eustachio
D:5:      layout_basic, old_standard_altar, serial_shops,
          nicolae_shop_window_shopping, portal_sewer_entry_b, uniq_ijyb
D:6:      layout_loops_cross, minitemple, nicolae_overflow_crystal_walls,
          kennysheep_cross_bottleneck, minmay_circle_x, uniq_pikel
D:7:      layout_cave_pools, makhleb_grotto_becter, kennysheep_mini_moat,
          serial_bayou_lagoon_b
D:8:      layout_cave_pods, enter_bailey_6
Temple:   pf_slimified_temple
Bailey:   bailey_axe_minmay_hex_keep, bailey

Skill      XL: |  1  2  3  4  5  6  7  8  9 10 |
---------------+-------------------------------+-----
Stealth        | 5 6 7 8 10 11 | 11.6
Spellcasting   | 3 4 5 6 7 |  7.2
Hexes          | 4 5 6 7 |  7.5
Short Blades   | 2 3 4 5 6 7 |  7.5
Fighting       | 1 2 3 4 |  4.3
Dodging        | 4 5 6 7 8 |  8.4
Shields        | 3 |  3.7

Action                   |  1- 3 |  4- 6 |  7- 9 | 10-12 || total
-------------------------+-------+-------+-------+-------++-------
Melee: Dagger            |   124 |   182 |   303 |   210 ||   819
 Cast: Corona            |     6 |     2 |       |     5 ||    13
       Ensorcelled Hiber |    27 |    36 |    69 |    63 ||   195
       Confusing Touch   |       |     7 |    22 |     3 ||    32
       Tukima's Dance    |       |     1 |     2 |    15 ||    18
       Dazzling Flash    |       |       |     1 |    21 ||    22
Evoke: Wand              |       |     2 |       |       ||     2
  Use: Potion            |     2 |       |       |     1 ||     3
       Scroll            |     1 |     6 |     3 |     4 ||    14
 Stab: Sleeping          |    29 |    27 |    57 |    23 ||   136
       Confused          |       |     5 |    18 |     2 ||    25
       Distracted        |       |     2 |     5 |     2 ||     9
       Invisible         |       |       |       |    16 ||    16
Armor: Robe              |    12 |    22 |    27 |     8 ||    69
Dodge: Dodged            |   113 |   183 |   245 |   179 ||   720

Table legend: (Time is in decaauts)
 A = Elapsed time spent in this place.
 B = Non-inter-level travel time spent in this place.
 C = Inter-level travel time spent in this place.
 D = Time resting spent in this place.
 E = Time spent auto-exploring this place.
 F = Levels seen in this place.
 G = Mean time per level.
                   A        B        C        D        E       F      G
               +--------+--------+--------+--------+--------+-----+--------+
         Total |  11319 |  11043 |    276 |   4108 |   3206 |  11 | 1029.0 |
       Dungeon |   9714 |   9445 |    269 |   3629 |   2795 |   8 | 1214.2 |
        Temple |    262 |    255 |      7 |    168 |     49 |   1 |  262.0 |
         Sewer |     91 |     91 |      0 |      0 |      0 |   1 |   91.0 |
        Bailey |   1250 |   1250 |      0 |    311 |    361 |   1 | 1250.0 |
               +--------+--------+--------+--------+--------+-----+--------+

Top non-repeatable levels by time:
     D:1: 1755 daAuts
     D:4: 1592 daAuts
     D:6: 1553 daAuts
     D:3: 1417 daAuts
     D:2: 1264 daAuts
  Bailey: 1250 daAuts
     D:7: 962 daAuts
     D:5: 767 daAuts
     D:8: 401 daAuts
  Temple: 262 daAuts
   Sewer: 91 daAuts
